 Dungeon Crawl Stone Soup version 0.30-a0-948-g4fa250aae5 (webtiles) character file.

Game seed: 14193344670256148972

41 DeathPants the Ducker (level 3, -5/18 HPs)
             Began as a Vine Stalker Wanderer on Mar 26, 2023.
             Killed from afar by Natasha (6 damage)
             ... with a magic dart
             ... on level 2 of the Dungeon.
             The game lasted 00:03:56 (1040 turns).

DeathPants the Ducker (Vine Stalker Wanderer)       Turns: 1040, Time: 00:03:56

Health: -5/18      AC:  3    Str: 13    XL:     3   Next: 52%
Magic:  0/6        EV: 12    Int: 14    God:
Gold:   66         SH:  0    Dex: 14    Spells: 2/5 levels left

rFire   . . .      SeeInvis .    b - +2 short sword (drain)
rCold   . . .      Faith    .    (no shield)
rNeg    . . .      Spirit   +    d - +0 robe
rPois   .          Reflect  .    g - +0 helmet
rElec   .          Rampage  .    (no cloak)
rCorr   .                        (no gloves)
Will    .....                    (no boots)
Stlth   ++                       (no amulet)
HPRegen 0.23/turn                (no ring)
MPRegen 0.10/turn                (no ring)

@: no status effects
A: fangs 2, magic shield, antimagic bite, no potion heal 2
a: no special abilities


You were on level 2 of the Dungeon.
You visited 1 branch of the dungeon, and saw 3 of its levels.

You collected 66 gold pieces.

Inventory:

Hand Weapons
 a - a +2 spear
 b - a +2 short sword of draining (weapon)
Armour
 d - a +0 robe (worn)
 g - a +0 helmet (worn)
 h - an orb of guile
Scrolls
 i - a scroll of identify {unknown}
Potions
 c - a potion of berserk rage
 e - a potion of haste {unknown}
 f - a potion of brilliance {unknown}
 j - 2 potions of heal wounds {unknown}


   Skills:
 + Level 1.0 Fighting
 - Level 1.7 Polearms
 + Level 1.4 Armour
 + Level 2.7 Dodging
 - Level 1.2 Stealth
 + Level 1.7 Spellcasting
 + Level 0.8 Summonings
 - Level 2.0 Earth Magic


You had 2 spell levels left.
You knew the following spells:

 Your Spells              Type           Power      Damage    Failure   Level
a - Sandblast             Erth           12%        2d6       11%         1
b - Call Imp              Summ           3%         N/A       26%         2

Your spell library contained the following spells:

 Spells                   Type           Power      Damage    Failure   Level
 Magic Dart               Conj           4%         1d3       24%         1
 Stone Arrow              Conj/Erth      8%         3d7       43%         3
 Mephitic Cloud           Conj/Pois/Air  1%         N/A       58%         3


Dungeon Overview and Level Annotations

Branches:
Dungeon (3/15)

Altars:

Annotations:
D:2 Natasha


Innate Abilities, Weirdness & Mutations

You have extremely sharp teeth.
When hurt, damage is shared between your health and your magic reserves.
Your bite disrupts and absorbs the magic of your enemies.
Potions cannot restore your health.


Message History

Natasha mumbles some strange words.
Natasha shimmers violently.
Natasha barely misses you.
You hit Natasha. You drain Natasha.
You kill Natasha!
Natasha yowls pathetically as she dies!
Your Fighting skill increases to level 1!
You have reached level 3!
Your experience leads to an increase in your attributes!
Increase (S)trength, (I)ntelligence, or (D)exterity?
You feel agile. x2
HP restored.
You see here the felid corpse of Natasha.
j - 2 green potions
Found a stone staircase leading down.
There is a stone staircase leading down here.
You climb downwards.
There is a stone staircase leading up here.
You climb upwards.
There is a stone staircase leading down here.
You now have 50 gold pieces (gained 16).
You now have 66 gold pieces (gained 16).
Natasha, Servant of Life and Death comes into view.
She is carrying a wand of quicksilver (3).
Found a stone staircase leading down.
Natasha howls an incantation.
Natasha shimmers violently.
Natasha casts a spell at you. The magic dart hits you.
Natasha closely misses you.
You puncture Natasha! You drain Natasha.
Natasha is severely wounded.
Natasha zaps a wand.
The bolt of dispelling energy hits you!!
Ouch! That really hurt!
* * * LOW HITPOINT WARNING * * *
You closely miss Natasha.
Natasha is severely wounded.
Natasha stares at you and mumbles some strange words.
The magic dart hits you.
You die...

#.. #.# ... # #.# ##### .# #.#
# ..>##.###.#.# .....#.<...#
################..#.##........#
................@h......#.#####
################..#.##......
..<# #........#.### ####
#..#.#...#.# ....# #....#...# #
###.# #.#......# #..#### #..


You could see Natasha (very drained).

Vanquished Creatures
  Natasha (D:2)
  2 ball pythons (D:1)
  3 endoplasms (D:1)
  3 giant cockroaches (D:1)
  A hobgoblin (D:1)
  A bat (D:1)
  A frilled lizard (D:1)
  A kobold (D:1)
  3 rats
16 creatures vanquished.

Notes
Turn   | Place    | Note
-------+----------+-------------------------------------------
     0 | D:1      | DeathPants the Vine Stalker Wanderer began the quest for
                  | the Orb.
     0 | D:1      | DeathPants set off with the following items: a +2 spear, a
                  | +0 helmet, a potion of berserk rage, a +0 robe; and the
                  | following spell memorised: Sandblast; and the following
                  | spells available to memorise: Stone Arrow.
     0 | D:1      | Reached XP level 1. HP: 9/9 MP: 3/3
   119 | D:1      | Reached XP level 2. HP: 10/14 MP: 1/5
   122 | D:1      | Learned a level 2 spell: Call Imp
   903 | D:2      | Noticed Natasha
   910 | D:2      | Killed Natasha
   911 | D:2      | Reached skill level 1 in Fighting
   911 | D:2      | Reached XP level 3. HP: 15/18 MP: 6/6
  1035 | D:2      | Noticed Natasha
  1040 | D:2      | Killed from afar by Natasha

Illustrated notes

Levels and vault maps discovered:
D:1:      minmay_arrival_stone_box, layout_basic
D:2:      minmay_chambers_of_twos, layout_basic, guppyfry_early_lair_pool,
          uniq_natasha
D:3:      layout_loops_cross, serial_shops, nicolae_shop_waterfront

Skill      XL: |  1  2 |
---------------+-------+-----
Fighting       | 1 |  1.0
Polearms       | |  1.7
Armour         | |  1.4
Dodging        | |  2.7
Stealth        | |  1.2
Spellcasting   | |  1.7
Summonings     | |  0.8
Earth Magic    | |  2.0

Action                     || total
---------------------------++-------
  Melee: Spear             ||    29
         Bite              ||     8
         Short sword       ||    20
   Stab: Sleeping          ||     3
 Armour: Robe              ||    10
  Dodge: Dodged            ||    29

Table legend: (Time is in decaauts)
 A = Elapsed time spent in this place.
 B = Non-inter-level travel time spent in this place.
 C = Inter-level travel time spent in this place.
 D = Time resting spent in this place.
 E = Time spent auto-exploring this place.
 F = Levels seen in this place.
 G = Mean time per level.
                   A        B        C        D        E       F      G
               +--------+--------+--------+--------+--------+-----+--------+
         Total |   1041 |    987 |     54 |      4 |    746 |   3 |  347.0 |
       Dungeon |   1041 |    987 |     54 |      4 |    746 |   3 |  347.0 |
               +--------+--------+--------+--------+--------+-----+--------+

Top non-repeatable levels by time:
     D:1: 877 daAuts
     D:2: 162 daAuts
     D:3: 1 daAuts
